 Dungeon Crawl Stone Soup version 0.16.1 (console) character file.

67 gw the Firebug (level 4, -4/28 HPs)
             Began as a Halfling Fire Elementalist on Mar 23, 2015.
             Slain by Grinder (10 damage)
             ... on level 3 of the Dungeon.
             The game lasted 00:02:52 (3219 turns).

gw the Firebug (Halfling Fire Elementalist)         Turns: 3219, Time: 00:02:52

Health: -4/28      AC:  2    Str:  8    XL:     4   Next: 38%
Magic:  0/8        EV: 15    Int: 15    God:
Gold:   95         SH:  0    Dex: 14    Spells: 3 memorised, 0 levels left

rFire  . . .     SeeInvis .     a - +1 mace
rCold  . . .     Clarity  .     g - +0 robe
rNeg   . . .     SustAb   .     (no shield)
rPois  .         Gourm    .     (no helmet)
rElec  .         Spirit   .     (no cloak)
rCorr  .         Warding  .     (no gloves)
rMut   .         Stasis   .     (no boots)
MR     .....                    (no amulet)
Stlth  ++........               (no ring)
                                (no ring)

@: very slightly contaminated, not resistant to hostile enchantments, unstealthy
A: mutation resistance 1
a: no special abilities


You were on level 3 of the Dungeon.
You were very hungry.

You visited 1 branch of the dungeon, and saw 3 of its levels.

You collected 95 gold pieces.

Inventory:

Hand weapons
 a - a +1 mace (weapon)
Missiles
 e - 19 sling bullets
 l - 49 stones (quivered)
Armour
 g - a +0 robe (worn)
Scrolls
 d - a scroll of noise
 i - a scroll of identify
Books
 b - a book of Flames

   Spells                             Type                      Level
   a - Flame Tongue                   Conjuration/Fire             1
   b - Throw Flame                    Conjuration/Fire             2
   c - Conjure Flame                  Conjuration/Fire             3
   d - Inner Flame                    Hexes/Fire                   3
   e - Sticky Flame                   Conjuration/Fire             4
   f - Fireball                       Conjuration/Fire             5
Comestibles
 c - 2 bread rations
 h - 5 fruits
 k - a beef jerky


   Skills:
 + Level 1.1 Fighting
 + Level 0.5 Maces & Flails
 + Level 1.4 Armour
 - Level 2.1 Dodging
 - Level 2.1 Stealth
 * Level 2.3 Spellcasting
 - Level 0.7 Conjurations
 + Level 3.3 Fire Magic


You couldn't memorise any spells.
You knew the following spells:

 Your Spells              Type           Power        Failure   Level  Hunger
a - Flame Tongue          Conj/Fire      #....        12%         1    #......
b - Throw Flame           Conj/Fire      #.....       14%         2    ###....
c - Sticky Flame          Conj/Fire      #.......     87%         4    #####..


Dungeon Overview and Level Annotations

Branches:
Dungeon (3/15)

Altars:

Annotations:
D:2 exclusion: downstairs
D:3 Grinder; gw's ghost, average FoHu


Innate Abilities, Weirdness & Mutations

You are small and have problems with some larger weapons.
You are somewhat resistant to further mutation.


Message History

ATTACK MOVE TO (1,0) Grinder gestures.
Grinder blinks!
Unknown command.
Unknown command.
Unknown command.
Unknown command.
ATTACK MOVE TO (0,-1) Unknown command.
Unknown command.
Unknown command.
Unknown command.
ATTACK MOVE TO (0,-1) Unknown command.
Unknown command.
Unknown command.
Unknown command.
ATTACK MOVE TO (0,-1) Grinder hits you!
You die...

##### ##......
##........
#.........
#.........
#.5........
#.p........
#..........#
##........##
#..........#
####..........#
#...%..<......#
#.............#
#!.............
#..............


You could see Grinder.

Table legend:
 A = Turns spent in this place as a percentage of turns spent in the entire game.
 B = Non-inter-level travel turns spent in this place as a percentage of non-inter-level travel turns spent in the entire game.
 C = Inter-level travel turns spent in this place as a percentage of turns spent in this place.
 D = Turns resting spent in this place as a percentage of non-inter-level travel turns spent in this place.
 E = Turns spent auto-exploring this place as a percentage of non-inter-level travel turns spent in this place.
 F = Non-inter-level travel turns spent in this place divided by the number of levels of this place that you've seen.
                   A       B       C       D       E      F
               +-------+-------+-------+-------+-------+----------------------
         Total | 100.0 | 100.0 |   0.9 |   3.3 |   2.4 | 1218.3
       Dungeon | 100.0 | 100.0 |   0.9 |   3.3 |   2.4 | 1218.3
               +-------+-------+-------+-------+-------+----------------------

Table legend:
 A = Kills in this place as a percentage of kills in entire the game.
 B = Kills by you in this place as a percentage of kills by you in the entire game.
 C = Kills by friends in this place as a percentage of kills by friends in the entire game.
 D = Other kills in this place as a percentage of other kills in the entire game.
 E = Experience gained in this place as a percentage of experience gained in the entire game.
 F = Experience gained in this place divided by the number of levels of this place that you have seen.
                   A       B       C       D       E      F
               +-------+-------+-------+-------+-------+----------------------
         Total | 100.0 | 100.0 |  -nan |  -nan | 100.0 |  32.0
       Dungeon | 100.0 | 100.0 |  -nan |  -nan | 100.0 |  32.0
               +-------+-------+-------+-------+-------+----------------------

Vanquished Creatures
  An adder (D:2)
  A giant gecko (D:1)
  An ooze (D:2)
  An orc (D:3)
  9 bats
  2 giant cockroaches
  7 goblins
  5 hobgoblins
  4 jackals (D:3)
  5 giant newts
  8 kobolds
  10 rats
54 creatures vanquished.

Notes
Turn   | Place    | Note
--------------------------------------------------------------
     0 | D:1      | gw, the Halfling Fire Elementalist, began the quest for the Orb.
     0 | D:1      | Reached XP level 1. HP: 11/11 MP: 2/2
   660 | D:1      | Reached XP level 2. HP: 18/18 MP: 1/3
   688 | D:1      | Learned a level 2 spell: Throw Flame
  1202 | D:1      | Reached XP level 3. HP: 19/22 MP: 0/6
  1687 | D:2      | Reached skill level 1 in Fighting
  1687 | D:2      | Reached skill level 1 in Armour
  2235 | D:2      | Reached XP level 4. HP: 28/28 MP: 2/7
  2317 | D:2      | Learned a level 4 spell: Sticky Flame
  3084 | D:3      | Noticed gw's ghost (average FoHu)
  3194 | D:3      | Noticed Grinder
  3212 | D:3      | Paralysed by Grinder for 4 turns
  3219 | D:3      | Slain by Grinder

Action                   |  1- 3 |  4- 6 || total
-------------------------+-------+-------++-------
Melee: Mace              |    37 |     7 ||    44
 Cast: Flame Tongue      |    25 |    19 ||    44
       Throw Flame       |    28 |    10 ||    38
       Sticky Flame      |       |     1 ||     1
  Use: Scroll            |     3 |     2 ||     5
       Potion            |     3 |     2 ||     5
  Eat: Chunk             |     7 |     3 ||    10

Vault maps used:
D:1:      evilmike_arrival_plus, serial_forest, infiniplex_forest_split,
          infiniplex_forest_clump_curved, infiniplex_forest_lined_room_,
          infiniplex_forest_clump_small, infiniplex_forest_corner_1,
          infiniplex_forest_lined_3
D:3:      st_stairs_12, hangedman_abyss_or_decor_stabs, uniq_grinder,
          uniq_terence
